 Dungeon Crawl Stone Soup version 0.32-a0-42-ga30500b4d3 (webtiles) character file.

Game seed: 4509640279265148779

13954 cforsyth the Fighter (level 12, 0/100 HPs)
             Began as a Djinni Reaver on Jan 29, 2024.
             Slain by a white ugly thing (12 damage)
             ... on level 12 of the Dungeon.
             The game lasted 00:29:56 (18768 turns).

cforsyth the Fighter (Djinni Reaver)               Turns: 18768, Time: 00:29:57

Health: 0/100      AC:  9    Str: 11    XL:     12   Next: 39%
Gold:   698        EV: 10    Int: 19    God:
                   SH:  0    Dex: 13

rFire   + + .        d - +7 consecrated labrys {holy, Valiant ^Fragile Fly SInv}
rCold   x . .        (no shield)
rNeg    . . .        f - +2 swamp dragon scales of Crawling {rPois Stlth+}
rPois   ∞            (no helmet)
rElec   .            (no cloak)
rCorr   .            (no gloves)
SInv    +            (boots unavailable)
Will    ++...        (no amulet)
Stlth   ++           h - ring of willpower
HPRegen 0.36/turn    (no ring)
MPRegen 0.00/turn

%: infuse magic (-1 HP)
@: flying
A: sickness immunity, fire resistance 2, cold vulnerability 1, float, innate
caster, HP casting, extra vitality 1
a: no special abilities


You were on level 12 of the Dungeon.
You visited 1 branch of the dungeon, and saw 12 of its levels.
You also visited: Bailey.

You collected 698 gold pieces.

Inventory:

Hand Weapons
 d - the +7 consecrated labrys (weapon) {holy, Valiant ^Fragile Fly SInv}
   (You took it off a spriggan in a bailey)

   Valiant:   It becomes more powerful as more dangerous foes come into view.
   SInv:      It lets you see invisible.
   Fly:       It grants you flight.
   ^Fragile:  It will be destroyed if unequipped.
Armour
 f - the +2 swamp dragon scales of Crawling (worn) {rPois Stlth+}
   (You took it off a spriggan in a bailey)

   rPois:     It protects you from poison Stlth+: It makes you more stealthy.
 s - a +3 leather armour of poison resistance
Jewellery
 h - a ring of willpower (left hand)
 D - a ring of resist corrosion
Wands
 r - a wand of charming (1)
 t - a wand of flame (14)
 w - a wand of quicksilver (10)
 x - a wand of polymorph (5)
 y - a wand of iceblast (10)
Scrolls
 b - a scroll of brand weapon {unknown}
 c - 3 scrolls of revelation
 e - 2 scrolls of fog
 g - a scroll of poison
 j - 2 scrolls of enchant weapon
 k - a scroll of fear
 n - 2 scrolls of immolation {unknown}
 o - 2 scrolls of teleportation
 p - 4 scrolls of identify
 B - 2 scrolls of butterflies
 C - a scroll of noise {unknown}
Potions
 a - 2 potions of ambrosia {unknown}
 i - 2 potions of heal wounds
 l - a potion of invisibility
 m - a potion of cancellation
 q - 5 potions of might
 u - 6 potions of curing
 v - a potion of resistance
 z - a potion of mutation
 A - a potion of brilliance {unknown}


   Skills:
 + Level 14.0 Fighting
 - Level 2.6 Short Blades
 - Level 2.1 Dodging
 + Level 11.0 Spellcasting
 + Level 11.0 Conjurations
 + Level 11.0 Hexes
 + Level 11.0 Summonings
 + Level 11.0 Necromancy
 + Level 11.0 Translocations
 + Level 11.0 Fire Magic
 + Level 11.0 Ice Magic
 + Level 11.0 Air Magic
 + Level 11.0 Earth Magic
 + Level 11.0 Alchemy


You knew the following spells:

 Your Spells              Type           Power      Damage    Failure   Level
a - Kiss of Death         Conj/Necr      100%       2d13      1%          1
b - Momentum Strike       Conj/Tloc      100%       3d10      1%          2
c - Hailstorm             Conj/Ice       51%        3d10      1%          3
d - Freeze                Ice            100%       1d10      1%          1
e - Jinxbite              Hex            100%       N/A       1%          2
f - Lesser Beckoning      Tloc           100%       N/A       1%          2
g - Vhi's Electric Charg  Tloc/Air       100%       N/A       1%          4
h - Animate Armour        Summ/Erth      100%       N/A       1%          4
Your spell library was empty.

Dungeon Overview and Level Annotations

Branches:
Dungeon (12/15)            Temple (0/1) D:4            Lair (0/5) D:11
    Orc (0/2) D:10         Bailey (visited)

Altars:
Dithmenos
Fedhas
Gozag
Hepliaklqana
Makhleb
Nemelex Xobeh
Ru
Uskayaw
Wu Jian
Xom
Yredelemnul
The Shining One

Portals:
Trove: D:10 (give 6 scrolls of fog)

Annotations:
D:2 1 runed translucent door, Crazy Yiuf
D:12 1 runed translucent door, Slingman's ghost, journeyman HOFi


Innate Abilities, Weirdness & Mutations

You are immune to sickness and miasma.
You are immune to poison.
Your flesh is very heat resistant. (rF++)
You are vulnerable to cold. (rC-)
You float through the air rather than walking.
You learn spells naturally, not from books.
Your magical power is your life essence.
You have superior vitality. (+4 MHP)


Message History

Your Spellcasting skill increases to level 11!
Your Conjurations skill increases to level 11!
Your Hexes skill increases to level 11!
Your Summonings skill increases to level 11!
Your Necromancy skill increases to level 11!
Your Translocations skill increases to level 11!
Your Fire Magic skill increases to level 11!
Your Ice Magic skill increases to level 11!
Your Air Magic skill increases to level 11!
Your Earth Magic skill increases to level 11!
Your Alchemy skill increases to level 11!
You cannot move.
Unknown command.
You slash the white ugly thing!
The white ugly thing is lightly wounded.
The white ugly thing claws you! The white ugly thing freezes you!!
You feel a terrible chill!
Your animated swamp dragon scales barely misses the white ugly thing.
Your animated swamp dragon scales hits the white ugly thing but does no damage.
The white ugly thing claws you. The white ugly thing freezes you!!
You feel a terrible chill!
You closely miss the white ugly thing.
The white ugly thing is lightly wounded.
You are no longer robbed of momentum.
Your animated swamp dragon scales is no longer covered in acid.
Your animated swamp dragon scales closely misses the white ugly thing.
Your animated swamp dragon scales hits the white ugly thing!!
The white ugly thing completely misses you.
Your animated swamp dragon scales hits the white ugly thing.
Your animated swamp dragon scales hits the white ugly thing!!
You catch the helpless white ugly thing completely off-guard!
You slash the white ugly thing!
The white ugly thing is almost dead.
The white ugly thing claws you! The white ugly thing freezes you!!
You feel a terrible chill!
* * * LOW HITPOINT WARNING * * *
Your animated swamp dragon scales completely misses the white ugly thing.
Your animated swamp dragon scales hits the white ugly thing but does no damage.
The white ugly thing claws you!
You die...

#################################
...............u@................
..............[..................
###............######............
#............# #............
#............# #.....#......
###............######.....#......
.................................
####..........#########..........
...#.......#..#.......##'####...#


You could see a white ugly thing (ally target) and a friendly animated swamp
dragon scales (summoned).

Vanquished Creatures
  3 two-headed ogres
  Psyche (D:8)
  A hornet (D:10)
  A troll (D:12)
  3 slime creatures
  4 spriggans (Bailey)
  2 wyverns
  3 yaks (D:9)
  2 steam dragons
  5 vampire mosquitoes
  Menkaure (D:7)
  An acid dragon (D:9)
  2 water moccasins
  9 orc warriors
  A black bear (D:6)
  3 sky beasts
  3 centaurs
  5 ogres
  2 wolves (D:10)
  A phantom (D:5)
  4 kobold brigands
  2 bullfrogs
  5 scorpions
  7 wights (D:8)
  3 killer bees (D:10)
  4 jellies
  A bombardier beetle (D:6)
  6 crimson imps (D:9)
  A sleepcap (D:7)
  A hound (D:5)
  5 orc priests
  3 iguanas
  2 gnoll boudas (D:7)
  Ijyb (D:5)
  6 orc wizards
  7 gnolls
  7 adders
  2 shadow imps
  4 white imps
  A dart slug (D:4)
  A ribbon worm (D:2)
  52 orcs
  8 ball pythons (D:4)
  A bat (D:2)
  11 endoplasms
  5 goblins
  4 hobgoblins
  2 jackals (D:4)
  5 quokkas
  9 frilled lizards
  A goblin zombie (D:5)
  33 kobolds
  A kobold skeleton (D:5)
  3 rats (D:1)
261 creatures vanquished.

Vanquished Creatures (collateral kills)
  An ugly thing (D:12)
  3 cyclopes
  Maurice (D:11)
  9 yaks (D:11)
  A wyvern (D:11)
  Grum (D:10)
  A water moccasin (D:11)
  2 wolves (D:10)
  A wight (D:8)
  4 killer bees (D:11)
  An orc wizard (D:11)
  4 orcs
29 creatures vanquished.

Vanquished Creatures (others)
  A wyvern (D:11)
  A bullfrog (D:8)
  An orc (D:8)
3 creatures vanquished.

Grand Total: 293 creatures vanquished

Notes
Turn   | Place    | Note
-------+----------+-------------------------------------------
     0 | D:1      | cforsyth the Djinni Reaver began the quest for the Orb.
     0 | D:1      | cforsyth set off with the following spells memorised: Kiss
                  | of Death, Momentum Strike, Hailstorm.
     0 | D:1      | Reached XP level 1. HP: 18/18 MP: 0/0
   409 | D:1      | Reached XP level 2. HP: 23/23 MP: 0/0
   835 | D:2      | Found a shadowy altar of Dithmenos.
   938 | D:2      | Reached XP level 3. HP: 25/29 MP: 0/0
   938 | D:2      | Learned a level 1 spell: Freeze
  1205 | D:2      | Found a shimmering altar of Xom.
  1205 | D:2      | Found an opulent altar of Gozag.
  1205 | D:2      | Found a hazy altar of Hepliaklqana.
  1205 | D:2      | Found a blossoming altar of Fedhas.
  1205 | D:2      | Found a hide-covered altar of Uskayaw.
  1205 | D:2      | Found a burning altar of Makhleb.
  1521 | D:2      | Reached skill level 3 in Fighting
  1958 | D:2      | Reached XP level 4. HP: 27/35 MP: 0/0
  2010 | D:2      | Found a runed translucent door.
  2011 | D:2      | Noticed Crazy Yiuf
  2250 | D:2      | Reached XP level 5. HP: 38/40 MP: 0/0
  2250 | D:2      | Learned a level 2 spell: Jinxbite
  3184 | D:3      | Found a shimmering altar of Xom.
  3186 | D:3      | Found a sparkling altar of Nemelex Xobeh.
  3711 | D:4      | Reached skill level 4 in Fighting
  3711 | D:4      | Reached XP level 6. HP: 36/47 MP: 0/0
  4070 | D:4      | Found a staircase to the Ecumenical Temple.
  4834 | D:5      | Entered Level 5 of the Dungeon
  4835 | D:5      | Noticed Ijyb
  4843 | D:5      | Killed Ijyb
  5178 | D:5      | Found an opulent altar of Gozag.
  5235 | D:5      | Reached skill level 5 in Fighting
  5235 | D:5      | Reached XP level 7. HP: 45/54 MP: 0/0
  5235 | D:5      | Learned a level 2 spell: Lesser Beckoning
  5295 | D:5      | Found a runed translucent door.
  5295 | D:5      | Noticed a human
  5305 | D:5      | Found a basalt altar of Yredelemnul.
  5373 | D:5      | Noticed a water moccasin
  5377 | D:5      | Killed a water moccasin
  5453 | D:5      | Reached skill level 5 in Spellcasting
  5453 | D:5      | Reached skill level 5 in Conjurations
  5453 | D:5      | Reached skill level 5 in Hexes
  5453 | D:5      | Reached skill level 5 in Summonings
  5453 | D:5      | Reached skill level 5 in Necromancy
  5453 | D:5      | Reached skill level 5 in Translocations
  5453 | D:5      | Reached skill level 5 in Fire Magic
  5453 | D:5      | Reached skill level 5 in Ice Magic
  5453 | D:5      | Reached skill level 5 in Air Magic
  5453 | D:5      | Reached skill level 5 in Earth Magic
  5453 | D:5      | Reached skill level 5 in Alchemy
  5456 | D:5      | Reached skill level 6 in Fighting
  5772 | D:6      | Noticed a water moccasin
  5777 | D:6      | Killed a water moccasin
  5778 | D:6      | Reached XP level 8. HP: 58/62 MP: 0/0
  6092 | D:6      | Reached skill level 7 in Fighting
  6497 | D:6      | Identified the +7 sling "Spiderbane" {heavy, Int+5 Dex-5}
  6828 | D:7      | Found a burning altar of Makhleb.
  6881 | D:7      | Noticed Menkaure
  6883 | D:7      | Killed Menkaure
  6884 | D:7      | Reached XP level 9. HP: 68/70 MP: 0/0
  6884 | D:7      | Learned a level 4 spell: Vhi's Electric Charge
  7048 | D:7      | Reached skill level 8 in Fighting
  8361 | D:8      | Reached skill level 9 in Fighting
  8466 | D:8      | Found a flagged portal.
  8472 | Bailey   | Entered a bailey
  8838 | Bailey   | Reached XP level 10. HP: 25/78 MP: 0/0
  8944 | Bailey   | Noticed a two-headed ogre
  9036 | Bailey   | Killed a two-headed ogre
  9037 | Bailey   | Reached skill level 10 in Fighting
  9118 | Bailey   | Identified the +2 swamp dragon scales of Crawling {rPois
                  | Stlth+}
 10349 | D:8      | Found a glowing golden altar of the Shining One.
 10381 | D:8      | Noticed Psyche
 10390 | D:8      | Killed Psyche
 10391 | D:8      | Reached skill level 11 in Fighting
 11347 | D:9      | Reached XP level 11. HP: 82/87 MP: 0/0
 11347 | D:9      | Learned a level 4 spell: Animate Armour
 12553 | D:9      | Reached skill level 12 in Fighting
 13224 | D:10     | Entered Level 10 of the Dungeon
 13389 | D:10     | Noticed Grum
 13411 | D:10     | HP: 1/89 [Grum/-1 spear (14)]
 13811 | D:10     | Found a portal to a secret trove of treasure.
 13877 | D:10     | Found a staircase to the Orcish Mines.
 15115 | D:10     | Found an ornate altar of the Wu Jian Council.
 15163 | D:10     | Found a sacrificial altar of Ru.
 15232 | D:10     | Killed Grum
 15864 | D:11     | Reached skill level 10 in Spellcasting
 15864 | D:11     | Reached skill level 10 in Conjurations
 15864 | D:11     | Reached skill level 10 in Hexes
 15864 | D:11     | Reached skill level 10 in Summonings
 15864 | D:11     | Reached skill level 10 in Necromancy
 15864 | D:11     | Reached skill level 10 in Translocations
 15864 | D:11     | Reached skill level 10 in Fire Magic
 15864 | D:11     | Reached skill level 10 in Ice Magic
 15864 | D:11     | Reached skill level 10 in Air Magic
 15864 | D:11     | Reached skill level 10 in Earth Magic
 15864 | D:11     | Reached skill level 10 in Alchemy
 16491 | D:11     | Found a staircase to the Lair.
 16512 | D:11     | Noticed a cyclops
 16531 | D:11     | Killed a cyclops
 16532 | D:11     | Reached skill level 13 in Fighting
 16783 | D:11     | Noticed Maurice
 16794 | D:11     | Maurice stole a ring of resist corrosion
 16815 | D:11     | Killed Maurice
 16967 | D:11     | Reached XP level 12. HP: 97/98 MP: 0/0
 17067 | D:11     | Identified the +4 robe "Junaesu" {rN+ Dex+3}
 17626 | D:11     | Noticed a two-headed ogre
 17633 | D:11     | Killed a two-headed ogre
 17721 | D:12     | Noticed a two-headed ogre
 17731 | D:12     | Killed a two-headed ogre
 17922 | D:12     | Noticed a tengu warrior
 18280 | D:12     | Found a runed translucent door.
 18282 | D:12     | Found a shimmering altar of Xom.
 18282 | D:12     | Noticed Slingman's ghost (journeyman HOFi)
 18763 | D:12     | Reached skill level 14 in Fighting
 18768 | D:12     | Slain by a white ugly thing

Illustrated notes

Levels and vault maps discovered:
D:1:      minmay_arrival_diagonal_passages, layout_loops_cross,
          dk_noncrumbling_2
D:2:      cheibrodos_fertilizer, layout_loops_corners, basic_altar,
          serial_co_window_serial, co_window_paths_a, co_window_corner_a,
          co_window_paths_a, co_window_paths_a, co_window_of_opportunity_a,
          co_window_paths_a, co_window_paths_b, co_window_paths_c,
          co_window_broadway_c, co_window_cross_3, glass_columns_b,
          uniq_crazy_yiuf_cottage
D:3:      layout_basic, chequers_temple_overflow_statue_of_worship
D:4:      nicolae_cairo_tiling_large, layout_loops_corners,
          minmay_temple_entry_poolview, saegor_snake_ambush
D:5:      layout_loops_ring, dk_yredelemnul_ordeal,
          mainiacjoe_overflow_24_doors, uniq_ijyb
D:6:      layout_basic, minmay_lizard_king
D:7:      layout_loops_cross, lemuel_coloured_pillars_altar,
          hangedman_decor_clover_reticule, uniq_menkaure
D:8:      layout_basic, marbit_many_paths, enter_bailey_2, special_room
          [special_room_orc], uniq_psyche
D:9:      layout_irregular_city, minmay_nine_imps
D:10:     layout_basic, nicolae_kikubaaqudgha_miasma_corner,
          mainiacjoe_overflow_big_doors, david_orc_5,
          nicolae_trove_entry_columns, minmay_misc_feat_secret_circle, uniq_grum
D:11:     layout_basic, minmay_lair_entry_grove, uniq_maurice
D:12:     minmay_sliced_demisemicircle, layout_stronghold, ebering_ghost_xom

Skill      XL: |  1  2  3  4  5  6  7  8  9 10 11 12 |
---------------+-------------------------------------+-----
Spellcasting   | 3 4 5 6 7 9 10 11 | 11.0
Conjurations   | 3 4 5 6 7 9 10 11 | 11.0
Hexes          | 3 4 5 6 7 9 10 11 | 11.0
Summonings     | 3 4 5 6 7 9 10 11 | 11.0
Necromancy     | 3 4 5 6 7 9 10 11 | 11.0
Translocations | 3 4 5 6 7 9 10 11 | 11.0
Fire Magic     | 3 4 5 6 7 9 10 11 | 11.0
Ice Magic      | 3 4 5 6 7 9 10 11 | 11.0
Air Magic      | 3 4 5 6 7 9 10 11 | 11.0
Earth Magic    | 3 4 5 6 7 9 10 11 | 11.0
Alchemy        | 3 4 5 6 7 9 10 11 | 11.0
Fighting       | 3 4 5 6 7 9 11 13 14 | 14.0
Short Blades   | |  2.6
Dodging        | |  2.1

Action                     |  1- 3 |  4- 6 |  7- 9 | 10-12 || total
---------------------------+-------+-------+-------+-------++-------
  Melee: Short sword       |    94 |     5 |    64 |       ||   163
         Punch             |     1 |     1 |     1 |     3 ||     6
         Labrys            |       |       |       |   287 ||   287
   Cast: Freeze            |    15 |    54 |    44 |       ||   113
         Momentum Strike   |       |    14 |    20 |    20 ||    54
         Hailstorm         |       |     3 |    36 |    43 ||    82
         Kiss of Death     |       |     1 |     6 |       ||     7
         Animate Armour    |       |       |       |    18 ||    18
  Evoke: Wand              |       |       |    12 |     6 ||    18
    Use: Scroll            |       |       |    16 |     4 ||    20
         Potion            |       |       |       |     1 ||     1
   Stab: Distracted        |       |       |       |     1 ||     1
 Armour: Leather armour    |    67 |    31 |   117 |    13 ||   228
         Swamp dragon scal |       |       |       |   420 ||   420
  Dodge: Dodged            |    39 |    23 |    90 |   236 ||   388

Table legend: (Time is in decaauts)
 A = Elapsed time spent in this place.
 B = Non-inter-level travel time spent in this place.
 C = Inter-level travel time spent in this place.
 D = Time resting spent in this place.
 E = Time spent auto-exploring this place.
 F = Levels seen in this place.
 G = Mean time per level.
                   A        B        C        D        E       F      G
               +--------+--------+--------+--------+--------+-----+--------+
         Total |  18912 |  18515 |    397 |   4202 |  11662 |  13 | 1454.8 |
       Dungeon |  17926 |  17529 |    397 |   3500 |  11553 |  12 | 1493.8 |
        Bailey |    986 |    986 |      0 |    702 |    109 |   1 |  986.0 |
               +--------+--------+--------+--------+--------+-----+--------+

Top non-repeatable levels by time:
     D:8: 2464 daAuts
    D:10: 2332 daAuts
    D:11: 2124 daAuts
     D:2: 2060 daAuts
     D:9: 1840 daAuts
     D:6: 1320 daAuts
     D:7: 1189 daAuts
     D:4: 1129 daAuts
  Bailey: 986 daAuts
     D:5: 916 daAuts
    D:12: 915 daAuts
     D:3: 837 daAuts
     D:1: 794 daAuts
